 Dungeon Crawl Stone Soup version 0.32-a0-871-ge202e49faa (webtiles) character file.

Game seed: 7371636141561721199

11441 jasper the Spear-Bearer (level 11, -8/82 HPs)
             Began as a Mummy Fighter on Mar 29, 2024.
             Was a Priest of Trog.
             Hit by a javelin thrown by Urug (17 damage)
             ... on level 10 of the Dungeon.
             The game lasted 00:20:45 (12444 turns).

jasper the Spear-Bearer (Mummy Fighter)            Turns: 12444, Time: 00:20:46

Health: -8/82      AC: 17    Str: 23    XL:     11   Next: 49%
Magic:  11/11      EV:  8    Int:  8    God:    Trog [***...]
Gold:   523        SH:  4    Dex: 12    Spells: 10/10 levels left

rFire   x . .        x - +2 trident (heavy)
rCold   + . .        c - +0 buckler
rNeg    + + +        t - +2 scale mail "Readghui" {Rampage}
rPois   ∞            r - +0 helmet
rElec   .            s - +0 cloak
rCorr   .            y - +0 pair of gloves
SInv    .            (no boots)
Will    ++++.        (no amulet) Stlth
                     n - ring of willpower
HPRegen 1.33/turn    z - +4 ring of protection
MPRegen 0.12/turn

%: rampage, faith
@: strong-willed (expiring), regenerating (expiring)
A: cold resistance 1, negative energy resistance 3, torment resistance 2, heat
vulnerability 1, in touch with death 1, no potions, faith
a: Renounce Religion, Trog's Hand


You were on level 10 of the Dungeon.
You worshipped Trog.
Trog was most pleased with you.
You visited 1 branch of the dungeon, and saw 10 of its levels.

You collected 523 gold pieces.

Inventory:

Hand Weapons
 a - a +0 trident
 o - a +0 demon whip of venom
 p - a +1 vampiric trident
 q - a +0 spear of venom
 x - a +2 heavy trident (weapon)
Missiles
 f - 84 stones (quivered)
 g - 5 curare-tipped darts
 h - 11 poisoned darts
 m - 4 throwing nets
Armour
 b - a +0 scale mail
 c - a +0 buckler (worn)
 k - a +0 chain mail
 r - a +0 helmet (worn)
 s - a +0 cloak (worn)
 t - the +2 scale mail "Readghui" (worn) {Rampage}
   (You found it on level 5 of the Dungeon)

   Rampage:   It bestows one free step when moving towards enemies.
 y - a +0 pair of gloves (worn)
Jewellery
 e - a ring of ice
 n - a ring of willpower (left hand)
 z - a +4 ring of protection (right hand)
Wands
 v - a wand of mindburst (17)
 A - a wand of digging (1)
 B - a wand of charming (2)
Scrolls
 d - 2 scrolls of poison
 i - 4 scrolls of fear
 j - 9 scrolls of teleportation
 l - a scroll of torment
 u - 2 scrolls of fog
 C - a scroll of blinking
 D - a scroll of enchant weapon {unknown}
 E - a scroll of acquirement {unknown}


   Skills:
 + Level 6.3 Fighting
 - Level 14.0 Polearms
 + Level 5.2 Armour
 - Level 2.4 Shields


You had 10 spell levels left.
You didn't know any spells.
Your spell library was empty.

Dungeon Overview and Level Annotations

Branches:
Dungeon (10/15)            Temple (0/1) D:4            Lair (0/5) D:8
    Orc: D:9-12

Altars:
Ashenzari
Fedhas
Hepliaklqana
Makhleb
Nemelex Xobeh
Ru
Sif Muna
Trog
Vehumet
Yredelemnul

Shops:
D:9 :

Annotations:
D:10 Urug


Innate Abilities, Weirdness & Mutations

You are immune to poison.
Your flesh is cold resistant. (rC+)
You are immune to negative energy. (rN+++)
You are immune to unholy pain and torment.
You are vulnerable to heat. (rF-)
You are in touch with the powers of death.
You do not drink.
You have a special connection with the divine. (Faith)


Message History

The yak is moderately wounded.
The bolt of dispelling energy misses Urug.
The now-empty wand crumbles to dust.
The yak barely misses you.
Urug hits you from afar with a +5 halberd!!
You take 19 damage, and have 36/81 hp.
MASSIVE DAMAGE!!
Aiming: Mindburst
Press: ? - help, Shift-Dir - straight line, f/p - yak
Aim: a yak (moderately wounded, chance to affect: 64%)
The yak's mind is blasted!!
The yak gores you but does no damage. You block Urug's attack.
You regained 2 hp, and now have 38/81 hp.
You fail to use your ability.
An orc comes into view. It is wielding a +0 hand axe.
The yak barely misses you.
Urug hits you from afar with a +5 halberd!
You take 8 damage, and have 30/81 hp.
Your ogre goes berserk!
You can no longer call in reinforcements.
You feel the effects of Trog's Hand fading.
The yak gores you but does no damage.
Urug hits you from afar with a +5 halberd!
* * * LOW HITPOINT WARNING * * *
You take 6 damage, and have 24/81 hp.
The yak attacks as it pursues you! The yak gores you!
* * * LOW HITPOINT WARNING * * *
Your ogre hits the yak with a +0 giant club!!
The yak dies!
Trog accepts your kill.
You take 9 damage, and have 15/82 hp.
Urug throws a javelin.
The javelin pierces through you!
* * * LOW HITPOINT WARNING * * *
You take 9 damage, and have 6/82 hp.
You can't drink.
Okay, then.
Your ogre hits Urug with a +0 giant club!
Urug hits your ogre with a +5 halberd!
Your ogre barely misses Urug.
Urug throws a javelin.
The javelin pierces through your ogre!! The javelin pierces through you!
You die...
Urug says, "One more harpy dead."

##########..######
#<........##.. ..Y
#####.....##.# .Y
#.....##.# ..
#####.##.# ###.
#....# #.. ##.#.#
#.# ##.#.#####.##
#...@.Ooog†.#
#.#.#.###.#...#
#.###.# #.##.## ..
... .o. .# .#
..#.#.#.. # #.#
.#. #.. #. ... ...
.. #.# ....


You could see Urug (ally target), a gnoll, an orc and a friendly ogre (summoned,
berserk).

Vanquished Creatures
  A boulder beetle (D:8)
  Amaemon (D:7)
  Pikel (D:8)
  Maurice (D:8)
  An orange demon (D:8)
  A rime drake (D:8)
  Prince Ribbit (D:5)
  Sigmund (D:6)
  2 wyverns
  15 yaks
  4 steam dragons
  An acid dragon (D:9)
  2 water moccasins
  An orc warrior (D:9)
  7 ice beasts
  An ogre (D:7)
  A sky beast (D:6)
  2 centaurs
  4 wolves (D:8)
  3 lemures (D:8)
  A phantom (D:4)
  3 gnoll sergeants
  4 bullfrogs
  5 scorpions
  12 wights
  4 killer bees (D:9)
  A howler monkey (D:9)
  A bullfrog zombie (D:6)
  A centaur zombie (D:6)
  2 jellies
  3 orc priests
  A bombardier beetle (D:6)
  3 hounds (D:5)
  Terence (D:3)
  5 orc wizards
  A sleepcap (D:5)
  3 iguanas
  Natasha (thrice) (D:2)
  22 gnolls
  5 adders
  A shadow imp (D:6)
  3 white imps
  3 ribbon worms
  3 dart slugs
  34 orcs
  6 ball pythons
  3 bats
  6 endoplasms
  2 giant cockroaches
  6 goblins (D:1)
  4 hobgoblins
  2 jackals (D:1)
  4 quokkas
  7 frilled lizards
  7 kobolds
  3 rats
226 creatures vanquished.

Vanquished Creatures (collateral kills)
  3 meliai (D:9)
  A yak (D:10)
4 creatures vanquished.

Vanquished Creatures (others)
  A hound (D:4)
1 creature vanquished.

Grand Total: 231 creatures vanquished

Notes
Turn   | Place    | Note
-------+----------+-------------------------------------------
     0 | D:1      | jasper the Mummy Fighter began the quest for the Orb.
     0 | D:1      | Reached XP level 1. HP: 18/18 MP: 1/1
    43 | D:1      | Reached skill level 2 in Polearms
   100 | D:1      | Reached XP level 2. HP: 24/24 MP: 2/2
   481 | D:1      | Found a faded altar of an unknown god.
   484 | D:1      | Reached XP level 3. HP: 29/29 MP: 3/3
   503 | D:1      | Reached skill level 3 in Polearms
   512 | D:1      | Prayed at the altar of an unknown god.
   512 | D:1      | Became a worshipper of Trog the Wrathful
   512 | D:1      | Reached * piety under Trog
   875 | D:2      | Noticed Natasha
   888 | D:2      | Killed Natasha
  1035 | D:2      | Reached XP level 4. HP: 35/35 MP: 4/4
  1204 | D:2      | You fall into a shaft and drop 1 floor!
  1272 | D:3      | Reached skill level 4 in Polearms
  1330 | D:3      | Noticed Terence
  1351 | D:3      | Killed Terence
  1382 | D:3      | Reached XP level 5. HP: 17/41 MP: 5/5
  1394 | D:3      | Reached ** piety under Trog
  1641 | D:2      | Noticed Natasha
  1653 | D:2      | Killed Natasha
  1675 | D:2      | Noticed Natasha
  1684 | D:2      | Killed Natasha
  1895 | D:2      | Reached skill level 5 in Polearms
  2850 | D:4      | Reached XP level 6. HP: 36/47 MP: 6/6
  3161 | D:4      | Reached skill level 6 in Polearms
  3325 | D:4      | Found a burning altar of Makhleb.
  3325 | D:4      | Found a bloodstained altar of Trog.
  3411 | D:4      | Found a staircase to the Ecumenical Temple.
  3603 | D:5      | Entered Level 5 of the Dungeon
  3809 | D:4      | Reached XP level 7. HP: 15/52 MP: 7/7
  4136 | D:5      | Reached *** piety under Trog
  4293 | D:5      | Reached skill level 7 in Polearms
  4457 | D:5      | Identified the +2 scale mail "Readghui" {Rampage}
  4655 | D:5      | Noticed Prince Ribbit
  4683 | D:5      | Killed Prince Ribbit
  4812 | D:5      | Reached skill level 8 in Polearms
  4812 | D:5      | Reached XP level 8. HP: 58/58 MP: 8/8
  5591 | D:6      | Noticed Sigmund
  5644 | D:6      | Killed Sigmund
  5775 | D:6      | Reached skill level 9 in Polearms
  6151 | D:6      | Found a hazy altar of Hepliaklqana.
  6375 | D:6      | Found a basalt altar of Yredelemnul.
  6891 | D:6      | Reached skill level 10 in Polearms
  6891 | D:6      | Reached XP level 9. HP: 44/63 MP: 9/9
  8186 | D:7      | Reached skill level 11 in Polearms
  8324 | D:7      | Found a broken altar of Ashenzari.
  8456 | D:7      | Found a shimmering blue altar of Sif Muna.
  9304 | D:8      | Noticed Amaemon
  9310 | D:8      | Noticed an orange demon
  9326 | D:7      | Killed Amaemon
  9327 | D:7      | Reached skill level 12 in Polearms
  9398 | D:8      | Killed an orange demon
  9399 | D:8      | Reached XP level 10. HP: 52/70 MP: 10/10
  9901 | D:8      | Reached **** piety under Trog
  9912 | D:8      | Reached skill level 13 in Polearms
  9948 | D:8      | Noticed Pikel
 10000 | D:8      | Killed Pikel
 10112 | D:8      | Noticed a boulder beetle
 10136 | D:8      | Killed a boulder beetle
 10241 | D:8      | Noticed Maurice
 10283 | D:8      | Something stole 452 gold
 10285 | D:8      | Something stole a +4 ring of protection
 10295 | D:8      | Something stole a +0 demon whip of venom
 10296 | D:8      | Something stole 11 poisoned darts
 10330 | D:8      | Killed Maurice
 10500 | D:8      | Reached skill level 14 in Polearms
 10580 | D:8      | Found a staircase to the Lair.
 10595 | D:8      | Reached XP level 11. HP: 76/76 MP: 11/11
 10681 | D:8      | Found a radiant altar of Vehumet.
 10684 | D:8      | Found a sacrificial altar of Ru.
 10687 | D:8      | Found a sparkling altar of Nemelex Xobeh.
 11359 | D:9      | Found a blossoming altar of Fedhas.
 11397 | D:9      | Reached skill level 5 in Fighting
 11511 | D:9      | Found Vugimim's Book Boutique.
 11974 | D:10     | Entered Level 10 of the Dungeon
 12274 | D:10     | Reached skill level 5 in Armour
 12419 | D:10     | Noticed Urug
 12444 | D:10     | Hit by a javelin thrown by Urug

Illustrated notes

Levels and vault maps discovered:
D:1:      roderic_crossed_star, layout_rooms, chequers_ecumenical_altar_island
D:2:      layout_basic, minmay_crystal_room, uniq_natasha
D:3:      layout_basic, uniq_terence
D:4:      layout_basic, amethyst_overflow_temple_binary,
          lemuel_temple_firewalk_b
D:5:      layout_loops_ring, uniq_prince_ribbit1
D:6:      layout_basic, lemuel_zombie_altar_yredelemnul,
          mainiacjoe_overflow_alcove_2, uniq_sigmund
D:7:      layout_layer_cave, lemuel_coloured_pillars_altar,
          nicolae_overflow_crystal_walls, old_standard_altar,
          nicolae_ashenzari_panopticon, chequers_garden
D:8:      layout_loops_ring, grunt_temple_overflow_diamond,
          hellmonk_lair_entry_icy, minmay_misc_feat_chi, uniq_amaemon,
          uniq_pikel, uniq_maurice
D:9:      layout_roguey, old_standard_altar, serial_shops,
          nicolae_book_shop_shelving
D:10:     layout_basic, hiddenorc1_lemuel, nicolae_zig_zag_zippers, uniq_urug

Skill      XL: |  1  2  3  4  5  6  7  8  9 10 11 |
---------------+----------------------------------+-----
Polearms       | 2 3 4 5 6 8 10 12 14 | 14.0
Armour         | 3 5 |  5.2
Fighting       | 6 |  6.3
Shields        | |  2.4

Action                     |  1- 3 |  4- 6 |  7- 9 | 10-12 || total
---------------------------+-------+-------+-------+-------++-------
  Melee: Trident           |    95 |   203 |    16 |   179 ||   493
         Spear             |       |    59 |   375 |   234 ||   668
  Throw: Stone             |     1 |     4 |     7 |       ||    12
         Dart              |       |       |     3 |     1 ||     4
 Invoke: Trog's Hand       |       |     3 |     6 |     9 ||    18
         Brothers in Arms  |       |       |       |     2 ||     2
  Evoke: Wand              |       |       |     4 |     8 ||    12
    Use: Scroll            |     2 |     2 |     3 |     1 ||     8
 Armour: Scale mail        |    65 |   162 |   187 |   219 ||   633
  Dodge: Dodged            |    24 |    54 |    68 |   101 ||   247
  Block: Buckler           |    21 |    37 |    43 |    57 ||   158

Table legend: (Time is in decaauts)
 A = Elapsed time spent in this place.
 B = Non-inter-level travel time spent in this place.
 C = Inter-level travel time spent in this place.
 D = Time resting spent in this place.
 E = Time spent auto-exploring this place.
 F = Levels seen in this place.
 G = Mean time per level.
                   A        B        C        D        E       F      G
               +--------+--------+--------+--------+--------+-----+--------+
         Total |  12249 |  11595 |    654 |   2693 |   6742 |  10 | 1224.9 |
       Dungeon |  12249 |  11595 |    654 |   2693 |   6742 |  10 | 1224.9 |
               +--------+--------+--------+--------+--------+-----+--------+

Top non-repeatable levels by time:
     D:6: 2146 daAuts
     D:7: 1660 daAuts
     D:8: 1542 daAuts
     D:5: 1369 daAuts
     D:4: 1165 daAuts
     D:2: 1144 daAuts
     D:9: 1088 daAuts
     D:3: 985 daAuts
     D:1: 724 daAuts
    D:10: 422 daAuts
